 Dungeon Crawl Stone Soup version 0.30-a0-123-g91d0c66ccf (webtiles) character file.

Game seed: 4450347708551925093

429 blackman the Cleaver (level 6, -4/51 HPs)
             Began as a Minotaur Chaos Knight on Sept 17, 2022.
             Was a Plaything of Xom.
             Slain by an ogre
             ... wielding a +0 giant club
              (26 damage)
             ... on level 5 of the Dungeon.
             The game lasted 00:07:17 (3496 turns).

blackman the Cleaver (Minotaur Chaos Knight)        Turns: 3496, Time: 00:07:19

Health: -4/51      AC:  9    Str: 19    XL:     6   Next: 66%
Magic:  5/5        EV:  7    Int:  9    God:    Xom [...*..]
Gold:   212        SH:  0    Dex:  9    Spells: 5/5 levels left

rFire   . . .      SeeInvis .    a - +0 hand axe (chaos)
rCold   . . .      Faith    .    (no shield)
rNeg    . . .      Spirit   .    r - +0 chain mail
rPois   +          Reflect  .    (helmet restricted)
rElec   .          Harm     .    (no cloak)
rCorr   .          Rampage  .    (no gloves)
Will    .....                    s - +0 pair of boots
Stlth   ..........               u - amulet of magic regeneration
HPRegen 0.17/turn                f - ring of poison resistance
MPRegen 0.49/turn                (no ring)

@: no status effects
A: horns 2, retaliatory headbutt
a: Renounce Religion


You were on level 5 of the Dungeon.
You worshipped Xom.
You were a favourite toy of Xom.
You visited 2 branches of the dungeon, and saw 6 of its levels.

You collected 212 gold pieces.

Inventory:

Hand Weapons
 a - a +0 hand axe of chaos (weapon)
Missiles
 g - 13 poisoned darts
 o - 2 boomerangs of dispersal
 w - 2 javelins
Armour
 b - a +2 leather armour
 r - a +0 chain mail (worn)
 s - a +0 pair of boots (worn)
Jewellery
 f - a ring of poison resistance (left hand)
 u - an amulet of magic regeneration (around neck)
Scrolls
 h - 3 scrolls of identify {unknown}
 i - 7 scrolls of vulnerability {unknown}
 k - a scroll of blinking {unknown}
 n - 2 scrolls of noise {unknown}
 t - a scroll of enchant armour {unknown}
 v - a scroll of amnesia {unknown}
 y - 2 scrolls of teleportation {unknown}
 B - a scroll of magic mapping {unknown}
Potions
 d - a potion of curing {unknown}
 e - a potion of ambrosia {unknown}
 j - a potion of brilliance {unknown}
 l - a potion of resistance {unknown}
 m - a potion of flight {unknown}
 p - 5 potions of might {unknown}
 q - a potion of degeneration {unknown}
 x - a potion of heal wounds {unknown}
 z - 3 potions of invisibility {unknown}
 A - 2 potions of lignification {unknown}
Miscellaneous
 c - a piece from Xom's chessboard (15/15) (quivered)


   Skills:
 - Level 3.6 Fighting
 + Level 9.1 Axes
 - Level 2.4 Armour
 - Level 1.1 Dodging


You had 5 spell levels left.
You didn't know any spells.
Your spell library contained the following spells:

 Spells                   Type           Power      Damage    Failure   Level
 Frozen Ramparts          Ice            0%         1d1       100%        3
 Cause Fear               Hex            0%         N/A       100%        4
 Ice Form                 Ice/Tmut       0%         N/A       100%        4
 Passage of Golubria      Tloc           0%         N/A       100%        4
 Summon Ice Beast         Ice/Summ       0%         N/A       100%        4
 Silence                  Hex/Air        0%         N/A       100%        5
 Dragon Form              Tmut           0%         N/A       100%        7
 Lehudib's Crystal Spear  Conj/Erth      0%         10d2      100%        8
 Dragon's Call            Summ           0%         N/A       100%        9


Dungeon Overview and Level Annotations

Branches:
Dungeon (5/15)             Temple (1/1) D:4

Altars:
Ashenzari
Fedhas
Trog
The Shining One

Shops:
D:1 :


Innate Abilities, Weirdness & Mutations

You have a pair of horns on your head.
You reflexively headbutt those who attack you in melee.


Message History

Something stings you but does no damage.
You completely miss something. "Let's go for a ride!"
Your surroundings seem slightly different.
Something stings you but does no damage.
Something stings you. Something stings you. Something stings you.
You closely miss something. Your headbutt misses something.
Something stings you but does no damage.
You hit something. Lightning courses through something!
Reactivating autopickup.
You feel a bit more experienced.
Your Axes skill increases to level 9!
An ogre and a scorpion come into view.
The ogre shouts!
The ogre moves out of view.
You hit the scorpion. You burn the scorpion.
The scorpion is heavily wounded.
The scorpion stings you but does no damage.
You barely miss the scorpion.
The scorpion is heavily wounded.
The scorpion stings you but does no damage.
You closely miss the scorpion.
The scorpion is heavily wounded.
Xom makes a sudden noise!
You hear a piteous moan.
You are now a favourite toy of Xom.
You hear an angry hiss.
The scorpion barely misses you.
You slash the scorpion!
You feel better.
Your headbutt misses the scorpion.
The scorpion is almost dead.
You barely miss the ogre. The ogre hits you with a +0 giant club!
The scorpion barely misses you.
You hit the scorpion. You burn the scorpion.
You kill the scorpion!
You hit the ogre.
The ogre hits you with a +0 giant club!!
Ouch! That really hurt!
You die...
Xom laughs nastily!

... ... ..####....
..........
#..........
#......... #........
####.....#.#
#.@......#.#
#..O.#.......#
#8...##.#.....###
.+.. #.#.....# #8...
#.#.###.# ..
..#....# #.### #
##...######...######
.
...#####..........#
. .)...............#


You could see an ogre.

Vanquished Creatures
  3 scorpions
  A necrophage (D:4)
  2 hounds (D:5)
  An iguana (D:4)
  6 adders
  An ufetubus (D:4)
  4 worms
  6 dart slugs
  7 orcs
  9 endoplasms
  3 giant cockroaches (D:1)
  7 goblins
  5 hobgoblins
  4 jackals (D:1)
  3 quokkas
  6 ball pythons
  6 bats
  2 frilled lizards (D:2)
  6 kobolds
  3 rats
85 creatures vanquished.

Notes
Turn   | Place    | Note
-------+----------+-------------------------------------------
     0 | D:1      | blackman the Minotaur Chaos Knight began the quest for the
                  | Orb.
     0 | D:1      | Reached XP level 1. HP: 19/19 MP: 0/0
    51 | D:1      | Reached skill level 4 in Axes
   140 | D:1      | XOM: divination: magic mapping
   184 | D:1      | Reached XP level 2. HP: 23/26 MP: 1/1
   653 | D:1      | XOM: 2-stop teleportation journey
   705 | D:1      | Reached skill level 5 in Axes
   758 | D:1      | XOM: silly message
   799 | D:1      | Reached XP level 3. HP: 30/31 MP: 2/2
   815 | D:1      | XOM: silly message
  1083 | D:1      | Found Jaucon's Book Shoppe.
  1189 | D:2      | XOM: silly message
  1308 | D:2      | Reached skill level 6 in Axes
  1308 | D:2      | Reached XP level 4. HP: 12/39 MP: 3/3
  2379 | D:3      | You fall into a shaft and drop 1 floor!
  2423 | D:4      | Reached XP level 5. HP: 42/45 MP: 4/4
  2428 | D:4      | Reached skill level 7 in Axes
  2433 | D:4      | XOM: divination: detect creatures
  2484 | D:4      | XOM: silly message
  2492 | D:4      | XOM: silly message
  2736 | D:4      | XOM: potion effect (curing)
  2740 | D:4      | Reached skill level 8 in Axes
  2808 | D:4      | XOM: divination: detect creatures
  2984 | D:4      | Found a staircase to the Ecumenical Temple.
  3169 | Temple   | Entered the Ecumenical Temple
  3268 | D:4      | Reached XP level 6. HP: 43/51 MP: 5/5
  3392 | D:5      | Entered Level 5 of the Dungeon
  3481 | D:5      | XOM: 1-stop teleportation journey
  3487 | D:5      | Reached skill level 9 in Axes
  3494 | D:5      | XOM: noise
  3496 | D:5      | Slain by an ogre

Illustrated notes

Levels and vault maps discovered:
D:1:      dpeg_arrival_fog, layout_basic, serial_shops, nicolae_lakefront_shop
D:2:      layout_basic, minmay_nonomino_d4
D:3:      layout_loops_ring, cheibrodos_sewer_entry_sluice,
          gammafunk_ghost_necromancy
D:4:      minmay_door_path, layout_loops_cross, lemuel_temple_firewalk_a,
          minivault_14, due_unseen_surprise
D:5:      layout_rooms, jmf_multi_god_temple2, okawaru_trees_1
Temple:   hellmonk_temple_of_storms

Skill      XL: |  1  2  3  4  5  6 |
---------------+-------------------+-----
Axes           | 4 5 6 8 9 |  9.1
Fighting       | |  3.6
Armour         | |  2.4
Dodging        | |  1.1

Action                   |  1- 3 |  4- 6 || total
-------------------------+-------+-------++-------
Melee: Hand axe          |    85 |   161 ||   246
       Headbutt          |     5 |    17 ||    22
       Punch             |       |     1 ||     1
Throw: Boomerang         |     1 |       ||     1
 Stab: Sleeping          |     1 |       ||     1
Armor: Leather armour    |    37 |       ||    37
       Chain mail        |       |    89 ||    89
Dodge: Dodged            |    45 |    61 ||   106

Table legend: (Time is in decaauts)
 A = Elapsed time spent in this place.
 B = Non-inter-level travel time spent in this place.
 C = Inter-level travel time spent in this place.
 D = Time resting spent in this place.
 E = Time spent auto-exploring this place.
 F = Levels seen in this place.
 G = Mean time per level.
                   A        B        C        D        E       F      G
               +--------+--------+--------+--------+--------+-----+--------+
         Total |   3489 |   3280 |    209 |      0 |   2475 |   6 |  581.5 |
       Dungeon |   3487 |   3278 |    209 |      0 |   2475 |   5 |  697.4 |
        Temple |      1 |      1 |      0 |      0 |      0 |   1 |    1.0 |
               +--------+--------+--------+--------+--------+-----+--------+

Top non-repeatable levels by time:
     D:1: 1174 daAuts
     D:2: 1058 daAuts
     D:4: 1007 daAuts
     D:3: 148 daAuts
     D:5: 99 daAuts
  Temple: 1 daAuts
